 Dungeon Crawl Stone Soup version 0.29.1-15-g9cfb28693d (webtiles) character file.

Game seed: 15382258040626427243

7588 safid the Frost Mage (level 11, -7/90 HPs)
             Began as a Merfolk Ice Elementalist on Apr 17, 2023.
             Was a Follower of Vehumet.
             Mangled by a hell rat (12 damage)
             ... on level 10 of the Dungeon.
             The game lasted 00:20:22 (10669 turns).

safid the Frost Mage (Merfolk Ice Elementalist)    Turns: 10669, Time: 00:20:23

Health: -7/90      AC:  6    Str:  8    XL:     11   Next: 17%
Magic:  11/22      EV: 12    Int: 25    God:    Vehumet [*.....]
Gold:   555        SH:  0    Dex: 15    Spells: 18/29 levels left

rFire   + . .      SeeInvis .   s - +2 arbalest (flame)
rCold   . . .      Faith    .   (shield currently unavailable)
rNeg    . . .      Spirit   .   a - +0 robe
rPois   .          Reflect  .   l - +0 helmet
rElec   .          Harm     .   t - +0 cloak
rCorr   .          Rampage  .   h - +0 pair of gloves
Will    .....                   (no boots)
Stlth   ++........              (no amulet)
HPRegen 0.25/turn               g - ring of protection from fire
MPRegen 0.18/turn               p - +6 ring of intelligence

@: freezing walls, studying Ice Magic
A: (nimble swimmer 2), mertail, iridescent scales 1, deformed body, low MP 1
a: Renounce Religion


You were on level 10 of the Dungeon.
You worshipped Vehumet.
Vehumet was aware of your devotion.
You visited 2 branches of the dungeon, and saw 11 of its levels.

You collected 555 gold pieces.

Inventory:

Hand Weapons
 s - a +2 arbalest of flaming (weapon)
 x - a +4 short sword
Missiles
 c - 5 silver javelins
 e - a throwing net
Armour
 a - a +0 robe (worn)
 h - a +0 pair of gloves (worn)
 l - a +0 helmet (worn)
 t - a +0 cloak (worn)
 w - a +0 robe
Jewellery
 g - a ring of protection from fire (left hand)
 j - a ring of flight
 p - a +6 ring of intelligence (right hand)
Wands
 k - a wand of flame (18)
 z - a wand of paralysis (4)
Scrolls
 i - 3 scrolls of amnesia
 m - a scroll of fear
 o - 3 scrolls of teleportation
 u - 2 scrolls of magic mapping
 v - a scroll of blinking
Potions
 b - 2 potions of magic
 d - 2 potions of ambrosia
 f - 4 potions of brilliance
 n - 2 potions of flight
 q - 3 potions of curing {unknown}
 r - 4 potions of might {unknown}
 A - 4 potions of degeneration {unknown}
 B - a potion of lignification {unknown}
 C - a potion of mutation
 D - a potion of invisibility {unknown}
 F - a potion of haste {unknown}


   Skills:
 - Level 10.0 Fighting
 - Level 2.6 Dodging
 - Level 2.1 Stealth
 + Level 9.5 Spellcasting
 + Level 14.1 Ice Magic


You had 18 spell levels left.
You knew the following spells:

 Your Spells              Type           Power      Damage    Failure   Level
a - Freeze                Ice            100%       1d11      0%          1
b - Frozen Ramparts       Ice            100%       1d16      1%          3
c - Ozocubu's Armour      Ice            70%        N/A       1%          3
d - Hailstorm             Conj/Ice       47%        3d11      2%          4

Your spell library contained the following spells:

 Spells                   Type           Power      Damage    Failure   Level
 Sandblast                Erth           22%        2d7       5%          1
 Necrotise                Necr           44%        1d6       5%          1
 Sting                    Tmut/Pois      44%        1d5       5%          1
 Poisonous Vapours        Pois/Air       22%        N/A       8%          2
 Sublimation of Blood     Necr           11%        N/A       8%          2
 Wereblood                Tmut           11%        N/A       8%          2
 Metabolic Englaciation   Hex/Ice        23%        N/A       8%          5
 Conjure Flame            Conj/Fire      11%        6-21      16%         3
 Ignite Poison            Fire/Tmut/Pois 11%        N/A       16%         3
 Inner Flame              Hex/Fire       11%        N/A       16%         3
 Portal Projectile        Hex/Tloc       22%        N/A       16%         3
 Tukima's Dance           Hex            11%        N/A       16%         3
 Vampiric Draining        Necr           11%        2d6       16%         3
 Cause Fear               Hex            5%         N/A       45%         4
 Olgreb's Toxic Radiance  Pois           11%        N/A       45%         4
 Petrify                  Tmut/Erth      11%        N/A       45%         4
 Sticky Flame             Conj/Fire      11%        2d3       45%         4
 Agony                    Necr           11%        N/A       82%         5
 Blade Hands              Tmut           5%         N/A       82%         5
 Statue Form              Tmut/Erth      7%         N/A       100%        6
 Summon Hydra             Summ           5%         N/A       100%        7
 Discord                  Hex            5%         N/A       100%        8


Dungeon Overview and Level Annotations

Branches:
Dungeon (10/15)            Temple (1/1) D:7
   Lair: D:8-11         Orc: D:9-12

Altars:
Ashenzari
Cheibriados
Dithmenos
Elyvilon
Fedhas
Gozag
Hepliaklqana
Kikubaaqudgha
Makhleb
Nemelex Xobeh
Okawaru
Qazlal
Ru
Sif Muna
Trog
Uskayaw
Vehumet
Wu Jian
Xom
Yredelemnul
Zin
The Shining One

Shops:
D:5 *

Annotations:
D:3 2 transporters, Dinohead20's ghost, amateur MiBe
D:9 3 runed translucent doors, javelincjr's ghost, novice DsAK


Innate Abilities, Weirdness & Mutations

((You are very nimble when in or above water. (Stealth+, EV+, Speed+++)))
Your lower body shifts to a powerful aquatic tail in water.
You are partially covered in iridescent scales. (AC +2)
Armour fits poorly on your strangely shaped body.
Your magical capacity is low. (-10% MP)


Message History

You kill the death yak!
Vehumet accepts your kill.
Your Ice Magic skill increases to level 14!
Your icy armour cracks and falls away as you move.
The frozen ramparts melt away as you move.
A gargoyle comes into view. It is wielding a +0 mace.
A river rat comes into view.
Things that are here:
a death yak corpse; a death yak corpse A hell rat comes into view.
Things that are here:
a +2 scimitar of flaming; a +0 robe; the human corpse of Erica The river rat bites you but does no damage.
Casting: Freeze (safe; 0% risk of failure)
Confirm with . or Enter, or press ? or * to list all spells.
Casting: Frozen Ramparts (safe; 1% risk of failure)
Press: ? - help, Dir - look around, f - activate The walls around you are covered in ice.
The hell rat roars deafeningly!
The wall freezes the hell rat.
You are too injured to fight recklessly!
Fire: s) +2 arbalest (flame)
Press: ? - help, Q - select action, (/) - cycle Shift-Dir - straight line, f - hell rat
Aim: a hell rat (moderately wounded, 62% to hit)
You shoot a bolt. The bolt hits the hell rat!
The bolt burns the hell rat.
The hell rat is almost dead.
The wall freezes the river rat!
The wall freezes the hell rat but does no damage.
The hell rat bites you.
* * * LOW HITPOINT WARNING * * *
The wall freezes the river rat!
You kill the river rat!
Vehumet accepts your kill.
The wall freezes the gargoyle but does no damage.
The gargoyle hurls a stone arrow at you.
The stone arrow hits you!
* * * LOW HITPOINT WARNING * * *
The wall freezes the hell rat but does no damage.
The hell rat bites you!
You die...

#..# ##9## #..#
##.## ##.# #†##
###9##
#######.††.##
#.....@r##..##
#.###.####...#
............#
.......##..#.....
#...... ......###
#..... $....##
#....# .....##
##... ....##
....##


You could see a gargoyle and a hell rat.

Vanquished Creatures
  A hydra (D:7)
  A two-headed ogre (D:8)
  Erica (D:10)
  3 death yaks (D:10)
  An oklob plant (D:8)
  A cyclops (D:9)
  A slime creature (D:7)
  A hornet (D:9)
  A wraith (D:9)
  4 yaks (D:9)
  2 ice beasts
  An orc warrior (D:8)
  3 sky beasts
  2 ogres (D:5)
  A centaur (D:9)
  3 bullfrogs
  A necrophage (D:5)
  A scorpion (D:5)
  3 wights (D:8)
  5 killer bees (D:6)
  2 howler monkeys
  A jelly (D:5)
  3 orc priests
  A hound (D:5)
  Jessica (D:2)
  A gnoll bouda (D:7)
  2 iguanas
  6 orc wizards
  Robin (D:2)
  3 gnolls (D:7)
  3 adders
  2 river rats (D:10)
  4 shadow imps
  5 ufetubi
  A worm (D:2)
  6 dart slugs
  28 orcs
  7 ball pythons
  3 bats
  6 endoplasms
  A giant cockroach (D:1)
  5 hobgoblins
  5 jackals
  7 kobolds
  3 quokkas
  6 frilled lizards
  15 goblins
  4 rats
169 creatures vanquished.

Vanquished Creatures (others)
  8 fungi (D:8)
  57 plants (D:8)
65 creatures vanquished.

Grand Total: 234 creatures vanquished

Notes
Turn   | Place    | Note
-------+----------+-------------------------------------------
     0 | D:1      | safid the Merfolk Ice Elementalist began the quest for the
                  | Orb.
     0 | D:1      | Reached XP level 1. HP: 13/13 MP: 3/3
   671 | D:1      | Reached XP level 2. HP: 20/20 MP: 3/5
   762 | D:1      | Reached skill level 1 in Fighting
  1259 | D:2      | Reached XP level 3. HP: 20/26 MP: 0/6
  1351 | D:2      | Learned a level 3 spell: Frozen Ramparts
  1355 | D:2      | Learned a level 3 spell: Ozocubu's Armour
  1446 | D:2      | Noticed Jessica
  1485 | D:2      | Killed Jessica
  1664 | D:2      | Reached XP level 4. HP: 26/33 MP: 6/8
  1763 | D:2      | Reached skill level 5 in Ice Magic
  2009 | D:2      | Noticed Robin
  2089 | D:2      | Found a faded altar of an unknown god.
  2121 | D:2      | Killed Robin
  2545 | D:3      | Found a transporter.
  2554 | D:3      | Found a transporter.
  2561 | D:3      | Noticed Dinohead20's ghost (amateur MiBe)
  2875 | D:3      | Reached XP level 5. HP: 18/39 MP: 1/9
  3840 | D:4      | Found a bloodstained altar of Trog.
  3842 | D:4      | Found a hide-covered altar of Uskayaw.
  3842 | D:4      | Found a shimmering blue altar of Sif Muna.
  3867 | D:4      | Found an ornate altar of the Wu Jian Council.
  3932 | D:4      | Reached XP level 6. HP: 46/47 MP: 9/11
  4433 | D:5      | Entered Level 5 of the Dungeon
  4546 | D:5      | Reached skill level 6 in Ice Magic
  4647 | D:5      | Noticed an ice beast
  4663 | D:5      | Gained mutation: Armour fits poorly on your strangely
                  | shaped body. [potion of mutation]
  4663 | D:5      | Gained mutation: You are partially covered in iridescent
                  | scales. (AC +2) [potion of mutation]
  4663 | D:5      | Gained mutation: Your magical capacity is low. (-10% MP)
                  | [potion of mutation]
  4723 | D:5      | Killed an ice beast
  4724 | D:5      | Reached XP level 7. HP: 31/54 MP: 8/12
  4857 | D:5      | Found Vorghu Syisuq's General Store.
  5146 | D:5      | Found a sacrificial altar of Ru.
  5501 | D:5      | Reached skill level 5 in Fighting
  5801 | D:6      | Reached skill level 7 in Ice Magic
  5883 | D:6      | Reached skill level 5 in Spellcasting
  5883 | D:6      | Reached XP level 8. HP: 62/62 MP: 9/13
  6132 | D:6      | Found an opulent altar of Gozag.
  7110 | D:7      | Reached skill level 8 in Ice Magic
  7430 | D:7      | Noticed an eight-headed hydra
  7441 | D:7      | Noticed a slime creature
  7447 | D:7      | Killed an eight-headed hydra
  7448 | D:7      | Reached XP level 9. HP: 44/72 MP: 0/17
  7454 | D:7      | Reached skill level 9 in Ice Magic
  7465 | D:7      | Learned a level 4 spell: Hailstorm
  7798 | D:7      | Found a faded altar of an unknown god.
  7835 | D:7      | Found a staircase to the Ecumenical Temple.
  7852 | Temple   | Entered the Ecumenical Temple
  7885 | Temple   | Became a worshipper of Vehumet
  8431 | D:8      | Noticed a two-headed ogre
  8439 | D:8      | Killed a two-headed ogre
  8440 | D:8      | Reached skill level 10 in Ice Magic
  8738 | D:8      | Reached XP level 10. HP: 81/82 MP: 15/19
  8986 | D:8      | Found a blossoming altar of Fedhas.
  9001 | D:8      | Noticed an oklob plant
  9284 | D:8      | Killed an oklob plant
  9285 | D:8      | Reached skill level 11 in Ice Magic
  9918 | D:9      | Reached * piety under Vehumet
  9918 | D:9      | Offered knowledge of Sandblast by Vehumet.
 10086 | D:9      | Reached skill level 12 in Ice Magic
 10283 | D:9      | Noticed a cyclops
 10292 | D:9      | Killed a cyclops
 10375 | D:9      | Found a runed translucent gate.
 10375 | D:9      | Found a runed translucent gate.
 10376 | D:9      | Found a runed translucent gate.
 10379 | D:9      | Noticed javelincjr's ghost (novice DsAK)
 10570 | D:10     | Entered Level 10 of the Dungeon
 10584 | D:10     | Noticed a death yak
 10584 | D:10     | Noticed a death yak
 10594 | D:10     | Killed a death yak
 10595 | D:10     | Reached skill level 10 in Fighting
 10626 | D:10     | Noticed Erica
 10646 | D:10     | Noticed a death yak
 10651 | D:10     | Killed a death yak
 10652 | D:10     | Reached skill level 13 in Ice Magic
 10657 | D:10     | Killed Erica
 10658 | D:10     | Reached XP level 11. HP: 18/90 MP: 13/21
 10658 | D:10     | Killed a death yak
 10659 | D:10     | Reached skill level 14 in Ice Magic
 10669 | D:10     | Mangled by a hell rat

Illustrated notes

Levels and vault maps discovered:
D:1:      nicolae_arrival_washed_ashore, layout_loops_corners,
          roderic_roman_lattice, kennysheep_another_room,
          wander_ebering_terrifying_dragon_lair
D:2:      layout_rooms, hellmonk_ecumenical_altar_inner_sanctum, uniq_robin,
          uniq_jessica
D:3:      layout_basic, gammafunk_ghost_stat_death
D:4:      layout_basic, mainiacjoe_overflow_small_starburst,
          grunt_temple_overflow_open, minivault_4,
          nicolae_concentric_dashed_squares_mild
D:5:      layout_basic, mainiacjoe_overflow_surrounded_room, serial_shops,
          nicolae_shop_hallway_plus
D:6:      layout_basic, mainiacjoe_overflow_alcove_4
D:7:      layout_cave_pools, minmay_temple_entry_enclosed_plants,
          serial_column_ruins, column_ruins_temple_hut,
          column_ruins_corridor_plus, column_ruins_corridor_straight,
          column_ruins_columns_T, column_ruins_open_small,
          column_ruins_columns_straight, minmay_misc_feat_secret_circle,
          minmay_manual_mail
D:8:      layout_cave_pools, tgw_fedhas, kennysheep_generic_room_6
D:9:      layout_rooms, gammafunk_ghost_spectres
D:10:     layout_cave_pods, dpeg_lair_monsters, minmay_fountain_box,
          chequers_decorated_corner, uniq_erica
Temple:   hellmonk_temple_of_storms

Skill      XL: |  1  2  3  4  5  6  7  8  9 10 11 |
---------------+----------------------------------+-----
Fighting       | 1 2 3 4 5 7 8 10 | 10.0
Ice Magic      | 5 6 7 8 10 13 14 | 14.1
Spellcasting   | 3 4 5 6 7 9 |  9.5
Dodging        | |  2.6
Stealth        | |  2.1

Action                   |  1- 3 |  4- 6 |  7- 9 | 10-12 || total
-------------------------+-------+-------+-------+-------++-------
Melee: Dagger            |    31 |   135 |    26 |       ||   192
       Punch             |       |     2 |     4 |       ||     6
       Short sword       |       |       |   109 |       ||   109
       Arbalest          |       |       |       |     2 ||     2
 Fire: Arbalest          |       |       |     8 |    88 ||    96
 Cast: Freeze            |    31 |    36 |    26 |     3 ||    96
       Frozen Ramparts   |     1 |    15 |    25 |     8 ||    49
       Ozocubu's Armour  |       |     3 |     8 |     5 ||    16
       Hailstorm         |       |       |     1 |       ||     1
  Use: Potion            |       |     5 |     2 |       ||     7
       Scroll            |       |       |     8 |     2 ||    10
 Stab: Sleeping          |     2 |     1 |     2 |       ||     5
Armor: Robe              |     9 |    55 |    80 |    18 ||   162
Dodge: Dodged            |    33 |    87 |   125 |    26 ||   271
